AoeStats
← Ndrangheta

Four Lakes

509794764Analyzed
1v1 RM · 5d ago on Sep 28, 2026· 86m 44s· 2 players
Game mode
Random Map
Map size
Tiny (2 player)
Population
200
Speed
Normal
Resources
Standard
Victory
Conquest
Starting age
Dark Age
Ending age
Imperial Age
RankedLock teamsTeams togetherTeam positionsShared explorationLock speedFull tech treeHidden civsTurbo modeCheats
Victory
Defeat
🇦🇷 Varangians · Argentina
1483
+17
🇨🇳 Danes · China
1497
-17
Ndrangheta
7:46 Loom
10:01 Feudal Age
11:29 Double-Bit Axe
13:11 Bloodlines
18:06 Fletching
18:51 Padded Archer Armor
25:54 Castle Age
26:25 Stone Mining
26:54 Bodkin Arrow
26:22 Crossbowman
27:14 Elite Skirmisher
28:11 Leather Archer Armor
29:22 Bow Saw
37:12 Imperial Age
36:00 Wheelbarrow
35:11 Town Watch
35:38 Fishing Lines
37:32 Cranequins
39:40 Husbandry
39:00 Light Cavalry
40:23 Bracer
43:42 Scale Barding Armor
45:03 Light Cavalry
46:04 Chain Barding Armor
47:56 Gold Mining
49:04 Ballistics
50:36 Chemistry
52:43 Ring Archer Armor
53:36 Conscription
57:24 Masonry
58:55 Plate Barding Armor
58:30 Forging
63:51 Iron Casting
65:32 Hussar
66:52 Horse Collar
68:14 Two-Man Saw
68:30 Capped Ram
73:13 Hand Cart
80:17 Heavy Mounted Crossbowman
不许穿打底裤
7:14 Loom
7:52 Loom
10:10 Feudal Age
11:14 Double-Bit Axe
11:22 Gold Mining
14:08 Fletching
14:19 Padded Archer Armor
16:49 Fishing Lines
22:10 Castle Age
20:47 Horse Collar
22:49 Bodkin Arrow
22:17 Crossbowman
23:16 Leather Archer Armor
24:03 Bow Saw
25:19 Arson
28:22 Forging
29:45 Squires
31:47 Iron Casting
32:59 Wheelbarrow
34:54 Scale Mail Armor
35:04 Gambesons
36:36 Chain Mail Armor
38:06 Thumb Ring
39:55 Pikeman
40:48 Heavy Plow
44:44 Imperial Age
44:41 Ballistics
45:21 Gold Shaft Mining
45:49 Bracer
46:51 Chemistry
46:42 Ring Archer Armor
50:00 Hand Cart
49:31 Town Watch
51:56 Stone Mining
52:31 Masonry
54:25 Stone Shaft Mining
56:37 Siege Engineers
57:40 Conscription
66:20 Plate Mail Armor
66:50 Blast Furnace
82:43 Elite Skirmisher
Connection lost

Rejoining the realm…

Still unreachable

The connection could not be restored.

Session expired

The server has moved on; the page needs a fresh start.